 Dungeon Crawl Stone Soup version 0.27-a0-1347-gd8886f0a89 (webtiles) character file.

Game seed: 6219940427437315722

15169 octoduck the Geomancer (level 12, -8/68 HPs)
             Began as a Gargoyle Earth Elementalist on June 27, 2021.
             Was a Priest of Vehumet.
             Shot with a bolt by a yaktaur captain (28 damage)
             ... on level 10 of the Dungeon on June 28, 2021.
             The game lasted 01:03:38 (18023 turns).

octoduck the Geomancer (GrEE)                      Turns: 18023, Time: 01:03:38

Health: -8/68      AC: 17    Str: 12    XL:     12   Next: 24%
Magic:  12/17      EV: 17    Int: 25    God:    Vehumet [***...]
Gold:   531        SH:  0    Dex: 12    Spells: 2/18 levels left

rFire    . . .     SeeInvis .   y - +3 whip (elec)
rCold    . . .     Faith    .   (no shield)
rNeg     + . .     Spirit   .   F - +0 steam dragon scales
rPois    ∞         Reflect  .   w - +0 hat
rElec    +         Harm     .   (no cloak)
rCorr    .         Rampage  .   v - +0 pair of gloves
Will     .....                  s - +2 pair of boots {Stlth+}
Stlth    ++++......             (no amulet)
HPRegen  0.21/turn              m - +6 ring of intelligence
MPRegen  0.15/turn              G - +4 ring of evasion

@: no status effects
A: sickness immunity, AC +8, negative energy resistance 1, electricity
resistance, torment resistance 1, petrification resistance
a: Renounce Religion


You were on level 10 of the Dungeon.
You worshipped Vehumet.
Vehumet was most pleased with you.
You visited 3 branches of the dungeon, and saw 12 of its levels.

You collected 2004 gold pieces.
You spent 1473 gold pieces at shops.

Inventory:

Hand Weapons
 a - a +0 short sword
 i - a +0 hunting sling
 p - a +0 mace
 y - a +3 whip of electrocution (weapon)
Missiles
 c - 13 stones
 k - 3 throwing nets
 O - 6 curare-tipped darts
Armour
 b - a +0 robe
 j - a +1 scale mail
 s - a +2 pair of boots of stealth (worn)
 v - a +0 pair of gloves (worn)
 w - a +0 hat (worn)
 E - a +0 robe of fire resistance
 F - +0 steam dragon scales (worn)
Jewellery
 m - a +6 ring of intelligence (left hand)
 z - a ring of see invisible
 A - a ring of resist corrosion
 G - a +4 ring of evasion (right hand)
 H - a +4 ring of protection
 M - a ring of willpower
Wands
 h - a wand of iceblast (17)
 l - a wand of flame (44)
 C - a wand of mindburst (5)
 L - a wand of acid (5)
Scrolls
 d - a scroll of magic mapping
 n - 2 scrolls of blinking
 t - 8 scrolls of identify
 B - a scroll of enchant armour
 D - 2 scrolls of teleportation
 I - a scroll of silence {unknown}
 N - a scroll of amnesia
Potions
 e - a potion of magic
 f - 4 potions of flight
 g - 2 potions of heal wounds
 o - a potion of attraction {unknown}
 q - 4 potions of might {unknown}
 r - a potion of brilliance {unknown}
 u - 3 potions of curing
 x - 2 potions of cancellation {unknown}
 J - a potion of berserk rage {unknown}
 K - a potion of haste


   Skills:
 + Level 5.2 Fighting
 + Level 4.3 Dodging
 - Level 7.6 Stealth
 - Level 3.9 Spellcasting
 - Level 10.0 Conjurations
 - Level 6.5 Transmutations
 - Level 13.2 Earth Magic
 - Level 4.2 Poison Magic


You had 2 spell levels left.
You knew the following spells:

 Your Spells              Type           Power      Damage    Failure   Level
a - Sandblast             Erth           100%       2d20      1%          1
b - Stone Arrow           Conj/Erth      100%       3d13      1%          3
c - Lee's Rapid Deconstr  Erth           31%        3d17*     1%          5
d - Petrify               Tmut/Erth      53%        N/A       1%          4
e - Mephitic Cloud        Conj/Pois/Air  28%        N/A       1%          3

Your spell library contained the following spells:

 Spells                   Type           Power      Damage    Failure   Level
 Static Discharge         Conj/Air       29%        N/A       1%          2
 Magic Dart               Conj           100%       1d8       1%          1
 Passwall                 Tmut/Erth      44%        N/A       1%          2
 Animate Skeleton         Necr           8%         N/A       10%         1
 Corona                   Hex            4%         N/A       10%         1
 Pain                     Necr           16%        1d4       10%         1
 Blink                    Tloc           N/A        N/A       14%         2
 Call Imp                 Summ           4%         N/A       14%         2
 Ensorcelled Hibernation  Hex/Ice        8%         N/A       14%         2
 Slow                     Hex            4%         N/A       14%         2
 Conjure Flame            Conj/Fire      29%        6-21      1%          3
 Dazzling Flash           Conj/Hex       58%        N/A       1%          3
 Confusing Touch          Hex            4%         N/A       28%         3
 Tukima's Dance           Hex            4%         N/A       28%         3
 Vampiric Draining        Necr           2%         2d6       28%         3
 Animate Dead             Necr           2%         N/A       67%         4
 Agony                    Necr           4%         N/A       95%         5


Dungeon Overview and Level Annotations

Branches:
Dungeon (10/15)            Temple (1/1) D:6             Orc (1/2) D:10
   Lair: D:8-11

Altars:
Ashenzari
Cheibriados
Dithmenos
Gozag
Makhleb
Nemelex Xobeh
Sif Muna
Trog
Uskayaw
Vehumet
Zin
The Shining One
Beogh

Shops:
D:2 *!=   D:3 :   D:8 =

Annotations:
D:10 exclusions: wyvern and 3 more exclusions


Innate Abilities, Weirdness & Mutations

You are immune to sickness and miasma.
Your stone body is resilient. (AC +8)
You are immune to poison.
You resist negative energy. (rN+)
You are resistant to electric shocks. (rElec)
You are resistant to unholy torment.
You are immune to petrification.


Message History

Confirm with . or Enter, or press ? or * to list all spells.
Aiming: Petrify (dangerous; 1% risk of failure)
Press: ? - help, Shift-Dir - straight line, f - yaktaur captain
Aim: a yaktaur captain, wielding a +0 arbalest and quivering bolts (chance to affect: 39%)
Okay, then.
Casting: Petrify (dangerous; 1% risk of failure)
Confirm with . or Enter, or press ? or * to list all spells.
Aiming: Mephitic Cloud (safe; 1% risk of failure)
Press: ? - help, Shift-Dir - straight line, f - yaktaur captain
Aim: a yaktaur captain, wielding a +0 arbalest and quivering bolts (chance to affect: 34%)
The ball explodes into a vile cloud!
The stinking cloud engulfs the yaktaur captain but does no damage.
The yaktaur captain is engulfed in noxious fumes.
The yaktaur captain shoots a bolt.
The bolt hits you!!
Ouch! That really hurt!
* * * LOW HITPOINT WARNING * * *
You feel much better.
The yaktaur captain is engulfed in noxious fumes.
The yaktaur captain appears confused.
Casting: Mephitic Cloud (safe; 1% risk of failure)
Confirm with . or Enter, or press ? or * to list all spells.
Aiming: Petrify (dangerous; 1% risk of failure)
Press: ? - help, Shift-Dir - straight line, f/p - yaktaur captain
Aim: a yaktaur captain, wielding a +0 arbalest and quivering bolts (noxious fumes, lightly wounded, confused, chance to affect: 39%)
Okay, then.
The yaktaur captain is engulfed in noxious fumes.
The yaktaur captain appears confused.
The yaktaur captain is engulfed in noxious fumes.
The yaktaur captain seems less confused.
The yaktaur captain shoots a bolt.
The bolt hits you!!
* * * LOW HITPOINT WARNING * * *
Casting: Petrify (dangerous; 1% risk of failure)
Confirm with . or Enter, or press ? or * to list all spells.
Aiming: Petrify (dangerous; 1% risk of failure)
Press: ? - help, Shift-Dir - straight line, f/p - yaktaur captain
Aim: a yaktaur captain, wielding a +0 arbalest and quivering bolts (chance to affect: 39%)
The yaktaur captain resists with some effort.
The yaktaur captain shoots a bolt.
The bolt closely misses you.
The yaktaur captain shoots a bolt.
The bolt hits you!!
You die...

###......#
#.............
#......#
#...########.#
#......# #...#
♣≈♣ ♣.≈ #......#
#...# ♣≈P♣≈.
#......######...#
♣P≈♣.≈
#...............#
♣≈≈≈
#...............#
♣♣.≈
#.........#######
#.# #...|....@#
♣.♣ #.........#
♣♣♣♣♣♣.♣
#.........#
♣.......
#.........#
♣.......
######....# ♣
♣..'#### #....#.♣
♣. #....
#....#.♣.♣.#♣♣
#....
#...c...≈......
#....
#....#.♣.♣.#
♣..#....


You could see a yaktaur captain.

Vanquished Creatures
  A hydra (D:7)
  Harold (Orc:1)
  A two-headed ogre (D:8)
  Erica (D:7)
  A death knight (D:8)
  Sonja (D:10)
  Pikel (D:5)
  A phantasmal warrior (D:9)
  A deep elf pyromancer (D:10)
  An unseen horror (D:10)
  2 freezing wraiths (D:9)
  A troll (D:9)
  Grinder (D:3)
  Sigmund (D:6)
  8 yaks
  A shadow (D:10)
  A wyvern (D:10)
  3 wraiths
  3 steam dragons
  A vampire mosquito (D:10)
  A warg (Orc:1)
  Menkaure (D:6)
  An acid dragon (D:10)
  A water moccasin (D:6)
  An ice beast (D:5)
  12 orc warriors
  2 necrophages
  3 ogres
  3 lemures
  5 centaurs
  2 kobold brigands
  A bullfrog (D:8)
  A scorpion (D:4)
  A wyvern zombie (D:8)
  A water moccasin zombie (D:5)
  A water moccasin skeleton (D:6)
  7 killer bees
  4 howler monkeys
  7 centaur zombies
  2 jellies (D:6)
  7 orc priests
  4 hounds
  Jessica (D:2)
  7 iguanas
  9 orc wizards
  A hound skeleton (D:4)
  7 gnolls
  A howler monkey zombie (D:8)
  8 adders
  A howler monkey skeleton (D:7)
  A shadow imp (D:5)
  A white imp (D:6)
  An ufetubus (D:5)
  A worm (D:3)
  A dart slug (D:1)
  37 orcs
  8 ball pythons
  3 endoplasms
  4 giant cockroaches
  4 goblins
  8 hobgoblins
  10 jackals
  8 kobolds
  4 quokkas
  5 bats
  3 frilled lizards
  7 rats
241 creatures vanquished.

Vanquished Creatures (others)
  8 plants (D:10)
8 creatures vanquished.

Grand Total: 249 creatures vanquished

Notes
Turn   | Place    | Note
-------+----------+-------------------------------------------
     0 | D:1      | octoduck the Gargoyle Earth Elementalist began the quest
                  | for the Orb.
     0 | D:1      | Reached XP level 1. HP: 10/10 MP: 3/3
   148 | D:1      | Reached skill level 4 in Earth Magic
   236 | D:1      | Reached XP level 2. HP: 10/15 MP: 1/5
   846 | D:1      | Reached XP level 3. HP: 19/19 MP: 3/6
   888 | D:1      | Reached skill level 5 in Earth Magic
  1527 | D:2      | Found Xedghit's General Store.
  1535 | D:2      | Found Guetada's Distillery.
  1790 | D:2      | Found Liug's Jewellery Shop.
  1969 | D:2      | Reached XP level 4. HP: 24/24 MP: 4/7
  2003 | D:2      | Noticed Jessica
  2006 | D:2      | Killed Jessica
  2007 | D:2      | Reached skill level 6 in Earth Magic
  2149 | D:2      | Found a faded altar of an unknown god.
  2903 | D:3      | Found Toupast's Book Shoppe.
  3172 | D:3      | Noticed Grinder
  3180 | D:3      | Killed Grinder
  3181 | D:3      | Reached skill level 8 in Earth Magic
  3181 | D:3      | Reached XP level 5. HP: 19/28 MP: 3/8
  3181 | D:3      | Reached XP level 6. HP: 22/32 MP: 3/9
  3584 | D:3      | Identified a scroll of acquirement
  3584 | D:3      | Acquired 1207 gold pieces
  3718 | D:3      | Bought a book of Minor Magic for 240 gold pieces
  3747 | D:2      | Bought a potion of heal wounds for 50 gold pieces
  3761 | D:2      | Bought a potion of heal wounds for 65 gold pieces
  3761 | D:2      | Bought a potion of heal wounds for 65 gold pieces
  3781 | D:2      | Bought a +6 ring of intelligence for 585 gold pieces
  3981 | D:4      | Reached skill level 9 in Earth Magic
  4232 | D:4      | Reached XP level 7. HP: 36/36 MP: 8/10
  4553 | D:4      | Learned a level 3 spell: Stone Arrow
  4736 | D:4      | Found a large runed translucent door.
  4736 | D:4      | Found a large runed translucent door.
  4808 | D:4      | Found a snail-covered altar of Cheibriados.
  4811 | D:4      | Found a shimmering blue altar of Sif Muna.
  4865 | D:5      | Entered Level 5 of the Dungeon
  4884 | D:5      | Noticed Pikel
  5605 | D:5      | Killed Pikel
  5606 | D:5      | Reached skill level 10 in Earth Magic
  5606 | D:5      | Reached XP level 8. HP: 41/41 MP: 4/11
  5766 | D:5      | HP: 1/41 [ogre (27)]
  6296 | D:5      | Reached skill level 11 in Earth Magic
  6466 | D:5      | Reached skill level 5 in Conjurations
  7245 | D:6      | Found a burning altar of Makhleb.
  7248 | D:5      | Acquired a +2 pair of boots of stealth
  7455 | D:6      | Reached XP level 9. HP: 41/45 MP: 5/12
  7511 | D:6      | Found a glowing silver altar of Zin.
  7558 | D:6      | Noticed Menkaure
  7588 | D:6      | Killed Menkaure
  7623 | D:6      | Reached skill level 12 in Earth Magic
  7724 | D:6      | Noticed Sigmund
  7835 | D:6      | Found a shadowy altar of Dithmenos.
  7909 | D:6      | Learned a level 5 spell: Lee's Rapid Deconstruction
  7950 | D:6      | Reached skill level 1 in Transmutations
  8252 | D:6      | Killed Sigmund
  8442 | D:6      | Found a staircase to the Ecumenical Temple.
  8451 | Temple   | Entered the Ecumenical Temple
  8460 | Temple   | Became a worshipper of Vehumet
  8525 | D:6      | Acquired a ring of see invisible
  8614 | D:7      | Noticed a five-headed hydra
  9532 | D:8      | Noticed a two-headed ogre
  9805 | D:8      | Noticed Erica
 10428 | D:7      | Reached XP level 10. HP: 42/50 MP: 10/13
 10461 | D:7      | Learned a level 4 spell: Petrify
 10506 | D:7      | Killed Erica
 10507 | D:7      | Reached skill level 5 in Transmutations
 10683 | D:8      | Killed a two-headed ogre
 10830 | D:8      | Reached * piety under Vehumet
 10830 | D:8      | Offered knowledge of Shock by Vehumet.
 11033 | D:8      | Found Ginlihum's Jewellery Shoppe.
 11041 | D:8      | Bought a +4 ring of evasion for 468 gold pieces
 11883 | D:9      | Noticed a death knight
 12474 | D:9      | Reached skill level 5 in Stealth
 12648 | D:9      | Noticed a phantasmal warrior
 12765 | D:7      | Killed a five-headed hydra
 12766 | D:7      | Reached skill level 13 in Earth Magic
 12766 | D:7      | Reached XP level 11. HP: 36/54 MP: 6/14
 13007 | D:8      | Killed a death knight
 13268 | D:10     | Entered Level 10 of the Dungeon
 13268 | D:10     | Found a staircase to the Orcish Mines.
 13306 | D:10     | Noticed a deep elf pyromancer
 13307 | D:10     | Noticed a yaktaur captain
 13617 | D:9      | Killed a phantasmal warrior
 13947 | D:10     | Found a bloodstained altar of Trog.
 14126 | D:10     | Learned a level 3 spell: Mephitic Cloud
 14328 | D:9      | Reached skill level 1 in Poison Magic
 14401 | Orc:1    | Entered Level 1 of the Orcish Mines
 15035 | Orc:1    | Noticed Harold
 15081 | Orc:1    | Reached ** piety under Vehumet
 15088 | Orc:1    | Offered knowledge of Freeze by Vehumet.
 15099 | Orc:1    | Killed Harold
 15504 | D:10     | Reached skill level 10 in Conjurations
 15586 | D:10     | Reached skill level 1 in Fighting
 15631 | D:10     | Noticed Sonja
 15890 | Orc:1    | Noticed an orc warlord
 16040 | D:10     | Killed a deep elf pyromancer
 16601 | D:10     | Killed Sonja
 16602 | D:10     | Reached XP level 12. HP: 64/64 MP: 4/17
 17439 | D:10     | Offered knowledge of Static Discharge by Vehumet.
 17618 | D:10     | Reached skill level 5 in Fighting
 17966 | D:10     | Reached *** piety under Vehumet
 18023 | D:10     | Shot with a bolt by a yaktaur captain

Illustrated notes

Levels and vault maps discovered:
D:1:      dpeg_arrival_lava_temple_mockup, layout_basic,
          minmay_stone_trees_small, minmay_pentomino_s2
D:2:      layout_loops_ring, shapermc_ecumenical_altar_flowoftime,
          serial_co_window_serial, co_window_corner_a,
          co_window_of_opportunity_a, co_window_corner_a, co_window_corner_a,
          co_window_paths_a, co_window_broadway_c, co_window_corner_b,
          co_window_paths_c, co_window_unsneaky_path_c, co_window_4corner_a,
          glass_columns_b, glass_columns_a, glass_columns_b, serial_shops, shop,
          shop, nicolae_shop_trees, uniq_jessica
D:3:      layout_basic, serial_shops, shop, uniq_grinder
D:4:      layout_rooms, jmf_multi_god_temple2, serial_forest,
          infiniplex_forest_clump_tiny, infiniplex_forest_clump_double,
          infiniplex_forest_clump_tiny, infiniplex_forest_straight_2,
          infiniplex_forest_corner_2, infiniplex_forest_zigzag_1
D:5:      layout_loops_ring, uniq_pikel
D:6:      layout_cave_pools, overflow_temple_1_default, lemuel_crystal_altar,
          overflow_temple_1_default, temple_hall, uniq_sigmund, uniq_menkaure
D:7:      layout_rooms
D:8:      layout_cave_pools, serial_rivers, chequers_serial_rivers_small_3,
          chequers_serial_rivers_small_3, chequers_serial_rivers_micro_a,
          chequers_serial_rivers_room_a, chequers_serial_rivers_small_3,
          chequers_serial_rivers_marsh, serial_shops,
          nicolae_shop_temple_entry_statues_fountains, uniq_erica
D:9:      layout_basic
D:10:     nzn_winding_woodlands_cross [nzn_winding_woodlands_5x15_cabin,
          nzn_winding_woodlands_5x15_parted, nzn_winding_woodlands_5x15_eye,
          nzn_winding_woodlands_5x15_lazy_stream,
          nzn_winding_woodlands_15x15_killbox], layout_irregular_city,
          lightli_temple_of_fire, orc_0_dummy, uniq_sonja
Temple:   eino_temple_rhombus
Orc:1:    layout_caves, mines1_david, uniq_harold

Skill      XL: |  1  2  3  4  5  6  7  8  9 10 11 12 |
---------------+-------------------------------------+-----
Earth Magic    | 4 5 8 9 10 11 12 13 | 13.2
Conjurations   | 4 6 8 9 10 | 10.0
Transmutations | 4 6 |  6.5
Stealth        | 6 7 |  7.6
Spellcasting   | 3 |  3.9
Poison Magic   | 4 |  4.2
Fighting       | 3 5 |  5.2
Dodging        | 3 4 |  4.3

Action                   |  1- 3 |  4- 6 |  7- 9 | 10-12 || total
-------------------------+-------+-------+-------+-------++-------
Melee: Unarmed           |     3 |       |       |       ||     3
       Short sword       |    31 |    14 |       |       ||    45
       Mace              |       |     3 |    41 |       ||    44
       Whip              |       |       |     6 |    53 ||    59
 Cast: Sandblast         |    53 |    38 |    89 |   103 ||   283
       Stone Arrow       |       |       |    63 |    72 ||   135
       Lee's Rapid Decon |       |       |     3 |    28 ||    31
       Petrify           |       |       |       |    14 ||    14
       Mephitic Cloud    |       |       |       |     1 ||     1
Evoke: Wand              |       |       |       |    14 ||    14
  Use: Scroll            |     4 |     2 |    10 |       ||    16
       Potion            |       |       |       |     1 ||     1
 Stab: Sleeping          |     2 |       |     1 |     1 ||     4
Armor: Robe              |    23 |     4 |    31 |       ||    58
       Steam dragon scal |       |       |     3 |   114 ||   117
Dodge: Dodged            |    28 |    13 |    70 |   203 ||   314

Table legend: (Time is in decaauts)
 A = Elapsed time spent in this place.
 B = Non-inter-level travel time spent in this place.
 C = Inter-level travel time spent in this place.
 D = Time resting spent in this place.
 E = Time spent auto-exploring this place.
 F = Levels seen in this place.
 G = Mean time per level.
                   A        B        C        D        E       F      G
               +--------+--------+--------+--------+--------+-----+--------+
         Total |  18110 |  16510 |   1600 |   7783 |   5092 |  12 | 1509.2 |
       Dungeon |  17500 |  15905 |   1595 |   7627 |   4845 |  10 | 1750.0 |
        Temple |     15 |     10 |      5 |      0 |      2 |   1 |   15.0 |
  Orcish Mines |    594 |    594 |      0 |    156 |    245 |   1 |  594.0 |
               +--------+--------+--------+--------+--------+-----+--------+

Top non-repeatable levels by time:
     D:9: 2692 daAuts
    D:10: 2618 daAuts
     D:4: 1872 daAuts
     D:8: 1864 daAuts
     D:5: 1670 daAuts
     D:7: 1636 daAuts
     D:1: 1537 daAuts
     D:2: 1448 daAuts
     D:6: 1254 daAuts
     D:3: 905 daAuts
   Orc:1: 594 daAuts
  Temple: 15 daAuts
